 Dungeon Crawl Stone Soup version 0.18-b1-10-g3f7de93 (webtiles) character file.

90605 Alarkh the Cruncher (level 15, -5/118 HPs)
             Began as a Mummy Necromancer on Apr 29, 2016.
             Was an Initiate of Gozag.
             Slain by a sun demon (10 damage)
             ... summoned by an orc high priest
             ... on level 2 of the Orcish Mines.
             The game lasted 01:21:09 (28798 turns).

Alarkh the Cruncher (Mummy Necromancer)            Turns: 28798, Time: 01:21:09

Health: -5/118     AC: 11    Str: 13    XL:     15   Next: 52%
Magic:  13/27      EV: 18    Int: 25    God:    Gozag
Gold:   2815       SH:  4    Dex: 17    Spells: 6 memorised, 6 levels left

rFire  . . .     SeeInvis +     a - +10 lajatang "Ufushrugh" {speed, rF+ Int+2 Dex+5}
rCold  + . .     Gourm    .     Q - +1 leather armour of Nobility {Slay+3 SInv}
rNeg   + + +     Faith    .     (shield currently unavailable)
rPois  ∞         Spirit   .     d - +0 helmet {Int+3}
rElec  .         Dismiss  .     h - +1 cloak {+Inv}
rCorr  .         Reflect  +     i - +0 pair of gloves
SustAt +         Harm     .     B - +2 pair of boots {run}
MR     ++...                    s - +4 amulet of reflection
Stlth  +++.......               D - ring of protection from magic
                                u - ring of sustain attributes

@: studying 2 skills, quick, very resistant to hostile enchantments, fairly
stealthy
A: no food or potions, fire vulnerability, cold resistance 1, negative energy
resistance 3, torment resistance, unbreathing, in touch with death 1, restore
body
a: Self-Restoration, Potion Petition, Call Merchant, Bribe Branch, Renounce
Religion, Evoke Invisibility


You were on level 2 of the Orcish Mines.
You worshipped Gozag.
Gozag was noncommittal.
You were not hungry.

You visited 4 branches of the dungeon, and saw 23 of its levels.
You visited the Abyss 1 time.
You also visited: Labyrinth and Bailey.

You collected 9143 gold pieces.
You spent 2643 gold pieces at shops.
You paid 3685 gold pieces to Gozag.

Inventory:

Hand Weapons
 a - the +10 lajatang "Ufushrugh" (weapon) {speed, rF+ Int+2 Dex+5}
   (You bought it in a shop on level 9 of the Dungeon)

   Attacks with this weapon are significantly faster.
   It affects your intelligence (+2).
   It affects your dexterity (+5).
   It protects you from fire.
 b - a +4 lajatang of pain
Missiles
 y - 7 throwing nets (quivered)
Armour
 d - a +0 helmet of intelligence (worn)
 h - a +1 cloak of invisibility (worn)
 i - a +0 pair of gloves (worn)
 B - a +2 pair of boots of running (worn)
 Q - the +1 leather armour of Nobility (worn) {Slay+3 SInv}
   (You found it on level 4 of the Lair of Beasts)

   It affects your accuracy and damage with ranged weapons and melee attacks
   (+3).
   It lets you see invisible.
Rods
 L - a +6 iron rod (14/14)
   (You found it in a labyrinth)
Jewellery
 r - an uncursed amulet of regeneration
 s - a +4 amulet of reflection (around neck)
 u - a ring of sustain attributes (left hand)
 D - a ring of protection from magic (right hand)
 N - an uncursed amulet of magic regeneration
 W - an uncursed ring of resist corrosion
Wands
 x - a wand of heal wounds (3/9)
 H - a wand of digging (7/24)
 J - a wand of disintegration (12/24)
 V - a wand of teleportation (7/9)
Scrolls
 c - a scroll of blinking
 f - a scroll of silence {unknown}
 g - 4 scrolls of fear
 n - 5 scrolls of fog
 o - 9 scrolls of remove curse
 q - 2 scrolls of recharging
 X - a scroll of magic mapping
Books
 e - a manual of Shields
 j - a manual of Fighting
Miscellaneous
 z - a lamp of fire
 P - a stone of tremors (inert)
 U - a fan of gales


   Skills:
 - Level 11.0 Fighting
 - Level 14.0 Staves
 - Level 9.0 Dodging
 + Level 5.3 Stealth
 + Level 8.1 Spellcasting
 * Level 6.4 Summonings
 * Level 10.7 Necromancy
 * Level 1.4 Air Magic
 + Level 4.3 Evocations


You had 6 spell levels left.
You knew the following spells:

 Your Spells              Type           Power        Failure   Level  Hunger
a - Vampiric Draining     Necr           #######...   1%          3    N/A
b - Summon Ice Beast      Ice/Summ       ####....     21%         4    N/A
c - Control Undead        Necr           #######...   1%          4    N/A
d - Pain                  Necr           ####         1%          1    N/A
e - Haunt                 Necr/Summ      ######....   99%         7    N/A
f - Silence               Hex/Air        ##........   98%         5    N/A

Dungeon Overview and Level Annotations

Branches:
Dungeon (12/15)            Temple (1/1) D:4            Lair (8/8) D:9
  Swamp (0/4) Lair:5        Snake (0/4) Lair:4        Slime (0/6) Lair:8
    Orc (2/2) D:12            Elf (0/3) Orc:2

Altars:
Ashenzari
Cheibriados
Dithmenos
Elyvilon
Fedhas
Gozag
Kikubaaqudgha
Makhleb
Nemelex Xobeh
Okawaru
Pakellas
Qazlal
Ru
Sif Muna
Trog
Vehumet
Xom
Yredelemnul
Zin
The Shining One
Beogh
Jiyva

Shops:
D:4 [   D:9 ([(**   D:12 (   Orc:2 [

Portals:
Hell: Lair:8


Innate Abilities, Weirdness & Mutations

You do not eat or drink.
Your flesh is vulnerable to fire.
You are immune to poison.
Your flesh is cold resistant.
You are immune to negative energy.
You are immune to unholy pain and torment.
You can survive without breathing.
You are in touch with the powers of death.
You can restore your body by infusing magical energy.


Message History

You feel life coursing into your body.
The orc high priest hits you with a halberd!
The sun demon hits you!
You are engulfed in flames!!
* * * LOW HITPOINT WARNING * * *
Casting: Vampiric Draining
Confirm with . or Enter, or press ? or * to list all spells.
Aiming: Vampiric Draining
Press: ? - help, Shift-Dir - straight line, f/p - orc high priest
Aim: an orc high priest, wielding a halberd (heavily wounded)
You feel a surge of power!
The orc high priest is severely wounded.
You feel life coursing into your body.
The orc high priest mumbles some strange prayers to Beogh against you.
Beogh smites you!
* * * LOW HITPOINT WARNING * * *
The sun demon hits you!!
* * * LOW HITPOINT WARNING * * *
You are engulfed in flames!
You die...
Your body crumbles into a pile of gold.

#..# #.# .#
#..###.###.###
#............
...###+##..........#
............⌠...⌠..#
.....###+##))........#
.....#.o. #.)###'###.#
.....#ooo #))#.o3$.#
.....#oo. #))#..@o.#
.....#∩oo #).#.._..#
.....######.)#######.##
............)..........
.......................
...####################
.))..## ..)...# .....##


You could see an orc high priest, a sun demon and an orc priest.

Vanquished Creatures
  A tentacled starspawn (Abyss:2)
  Kirke (Lair:8)
  Nessos (Lair:8)
  The ghost of nikopol the Impaler, a journeyman MiBe of Trog (Lair:6)
  2 dire elephants (Lair:8)
  The ghost of Mefis the Thaumaturge, a journeyman DEWz of Sif Muna (Lair:8)
  An ettin (Orc:1)
  Snorg (D:10)
  A minotaur (Lab)
  Josephine (D:10)
  Harold (D:10)
  Erolcha (D:11)
  Erica (D:10)
  3 hydras
  A centaur warrior (D:10)
  11 death yaks
  2 orc high priests (Orc:2)
  A thrashing horror (Abyss:2)
  Sonja (D:11)
  A sun demon (Lair:8)
  Nergalle (D:9)
  2 large abominations (Abyss:2)
  A hill giant (D:10)
  A wizard (Lair:8)
  An ugly thing (D:9)
  2 griffons
  2 sixfirhies
  13 black mambas
  A centaur zombie (D:10)
  26 elephants
  3 smoke demons
  A centaur skeleton (D:12)
  A torpor snail (Lair:8)
  4 orange demons (Lair:8)
  A gargoyle (D:11)
  13 spiny frogs
  8 komodo dragons
  A rime drake (Lair:6)
  A demonic crawler (Abyss:2)
  An ice devil (Lair:8)
  An ancient zyme (Abyss:2)
  3 hellwings
  3 red devils (Lair:8)
  5 trolls
  A polar bear (Lair:8)
  Prince Ribbit (Lair:2)
  20 blink frogs
  A boulder beetle (Lair:7)
  55 yaks
  2 wyverns
  A ynoxinul (Abyss:2)
  A fire elemental (D:12)
  5 hogs (Lair:8)
  5 wraiths
  A human (Lair:8)
  A basilisk (Lair:7)
  13 hippogriffs
  Eustachio (D:5)
  A steam dragon (D:10)
  A hungry ghost (D:8)
  A chaos spawn (Abyss:2)
  5 wargs
  21 water moccasins
  A soldier ant (D:11)
  6 swamp worms (Lair:5)
  14 porcupines
  25 orc warriors
  A black bear (D:8)
  2 sky beasts
  13 ogres
  An eye of draining (Abyss:2)
  6 necrophages
  6 phantoms
  4 wolves
  9 centaurs
  20 crocodiles
  5 small abominations (Abyss:2)
  A big kobold (D:10)
  17 giant frogs
  2 scorpions
  4 killer bees
  4 wights
  An electric eel (Lair:5)
  5 howler monkeys
  4 lava snakes (D:12)
  2 crimson imps
  4 quasits
  27 orc priests
  2 giant frog zombies
  3 jellies
  21 orc wizards
  2 hounds
  5 iguanas
  A giant frog skeleton (D:11)
  6 worker ants
  3 hell rats (D:9)
  A statue (D:6)
  A killer bee zombie (D:8)
  19 sheep
  A hound zombie (D:5)
  9 adders
  8 gnolls
  A howler monkey skeleton (D:5)
  34 river rats
  4 shadow imps
  A white imp (Abyss:2)
  An adder zombie (D:9)
  An adder skeleton (D:5)
  3 worms
  4 dart slugs
  3 giant geckos
  98 orcs
  2 ball pythons
  A giant cockroach (D:5)
  12 goblins
  5 hobgoblins
  3 jackals
  9 kobolds
  5 quokkas
  6 bats
  A giant cockroach zombie (D:5)
  A giant gecko skeleton (D:6)
  3 giant newts
  A jackal skeleton (D:6)
  A quokka zombie (D:7)
  6 rats
  A butterfly (Lair:7)
  A fungus (Lair:2)
  2 plants
743 creatures vanquished.

Vanquished Creatures (collateral kills)
  Maud (D:9)
  A hydra (Lair:1)
  The ghost of barb4r1an the Grappler, a novice TrMo of Cheibriados (D:9)
  A hill giant (D:8)
  An orange demon (Lair:8)
  A red devil (Lair:8)
  A wraith (D:11)
  A water moccasin (Lair:1)
  A porcupine (Lair:1)
  The ghost of ArisHovad the Firebug, an amateur NaFE (D:3)
  A wolf (Lair:1)
  2 centaurs (Bailey)
  A giant frog (D:9)
  A goblin (D:3)
  A quokka (D:3)
  A giant newt (D:3)
17 creatures vanquished.

Vanquished Creatures (others)
  A human (Lair:8)
  A centaur (Bailey)
  A small abomination (Abyss:2)
  A bush (Lair:8)
  23 fungi
  20 plants
  4 starspawn tentacles (Abyss:2)
  3 starspawn tentacle segments (Abyss:2)
54 creatures vanquished.

Grand Total: 814 creatures vanquished

Notes
Turn   | Place    | Note
--------------------------------------------------------------
     0 | D:1      | Alarkh the Mummy Necromancer began the quest for the Orb.
     0 | D:1      | Reached XP level 1. HP: 13/13 MP: 3/3
   171 | D:1      | Reached XP level 2. HP: 19/19 MP: 5/5
   775 | D:2      | Reached XP level 3. HP: 24/24 MP: 2/7
   780 | D:2      | Learned a level 3 spell: Vampiric Draining
   960 | D:2      | Reached XP level 4. HP: 30/30 MP: 1/8
   994 | D:2      | Learned a level 4 spell: Control Undead
  1178 | D:2      | Reached skill level 5 in Necromancy
  1382 | D:3      | Noticed ArisHovad's ghost (amateur NaFE)
  1675 | D:3      | Found a blossoming altar of Fedhas.
  1835 | D:4      | Found a staircase to the Ecumenical Temple.
  1844 | Temple   | Entered the Ecumenical Temple
  1895 | Temple   | Became a worshipper of Gozag Ym Sagoz the Greedy
  1970 | D:4      | Found a sparkling altar of Nemelex Xobeh.
  2036 | D:4      | Found Gyleh's Armour Emporium.
  2102 | D:4      | Reached XP level 5. HP: 31/35 MP: 2/10
  2242 | D:4      | Found a shadowy altar of Dithmenos.
  2424 | D:5      | Entered Level 5 of the Dungeon
  2463 | D:5      | Reached XP level 6. HP: 41/41 MP: 7/12
  2568 | D:5      | Noticed Eustachio
  2795 | D:5      | Killed Eustachio
  2795 | D:5      | Reached skill level 5 in Spellcasting
  2795 | D:5      | Reached XP level 7. HP: 33/46 MP: 2/14
  2951 | D:5      | Got a twisted war axe
  2952 | D:5      | Identified the cursed +1 war axe "Ocyomno" {flame, rF+ Str+4} (You found it on level 5 of the Dungeon)
  2982 | D:5      | Reached skill level 1 in Fighting
  3795 | D:3      | Killed ArisHovad's ghost
  4144 | D:6      | Found a radiant altar of Vehumet.
  4555 | D:6      | Got a glittering garnet amulet
  4562 | D:6      | Identified the amulet "Sameapt" {Gourm Int+5} (You found it on level 6 of the Dungeon)
  4569 | D:6      | Reached XP level 8. HP: 57/59 MP: 9/15
  5136 | D:6      | Reached skill level 5 in Fighting
  5429 | D:7      | Reached skill level 5 in Dodging
  5614 | D:7      | Found a white marble altar of Elyvilon.
  5857 | D:8      | Found a basalt altar of Yredelemnul.
  6045 | D:8      | Reached XP level 9. HP: 42/70 MP: 1/16
  6298 | D:8      | Noticed a hill giant
  6834 | D:8      | Killed a hill giant
  7142 | D:9      | Found a staircase to the Lair.
  7175 | Lair:1   | Entered Level 1 of the Lair of Beasts
  7367 | D:9      | Noticed a troll
  7378 | D:9      | Killed a troll
  7509 | D:9      | Noticed barb4r1an's ghost (novice TrMo)
  7797 | D:10     | Entered Level 10 of the Dungeon
  7827 | Lair:1   | Noticed a black mamba
  7840 | Lair:1   | Killed a black mamba
  7847 | Lair:1   | Reached XP level 10. HP: 37/82 MP: 0/17
  8087 | Lair:1   | Noticed a spiny frog
  8093 | Lair:1   | Killed a spiny frog
  8545 | Lair:1   | Noticed an eight-headed hydra
  8572 | Lair:1   | Killed an eight-headed hydra
  8632 | Lair:1   | Noticed a spiny frog
  8741 | Lair:1   | Killed a spiny frog
  8741 | Lair:1   | Reached skill level 10 in Fighting
  9302 | Lair:1   | Noticed a spiny frog
  9307 | Lair:1   | Killed a spiny frog
  9485 | Lair:2   | Noticed a black mamba
  9490 | Lair:2   | Killed a black mamba
  9498 | Lair:2   | Noticed a spiny frog
  9577 | Lair:2   | Killed a spiny frog
  9577 | Lair:2   | Reached XP level 11. HP: 65/92 MP: 3/19
 10358 | Lair:2   | Learned a level 4 spell: Summon Ice Beast
 10362 | Lair:2   | Noticed Prince Ribbit
 10528 | Lair:2   | Reached skill level 1 in Summonings
 10999 | D:10     | Noticed Nergalle
 11161 | D:10     | Noticed Maud
 11249 | D:9      | Killed Maud
 11286 | D:9      | Found Boiceetz's Bounteous Boutique.
 11511 | D:9      | Killed barb4r1an's ghost
 11549 | D:9      | Found a shattered altar of Ashenzari.
 11556 | D:9      | Found a burning altar of Makhleb.
 11556 | D:9      | Found a glowing silver altar of Zin.
 11556 | D:9      | Found a bloodstained altar of Trog.
 11557 | D:9      | Found a snail-covered altar of Cheibriados.
 11558 | D:9      | Found an oddly glowing altar of Pakellas.
 11560 | D:9      | Found a shimmering altar of Xom.
 11780 | D:9      | Killed Nergalle
 11962 | D:10     | Noticed Erica
 11964 | D:10     | Noticed a centaur warrior
 11993 | D:10     | Killed Erica
 12022 | D:10     | Noticed a hill giant
 12461 | D:10     | Killed a centaur warrior
 12564 | D:10     | Noticed Snorg
 12674 | D:9      | Noticed a brown ugly thing
 12684 | D:9      | Killed a brown ugly thing
 12764 | Lair:2   | Killed Prince Ribbit
 13424 | Lair:3   | Reached XP level 12. HP: 59/100 MP: 5/22
 13652 | Lair:3   | Reached skill level 5 in Summonings
 14055 | Lair:2   | Reached skill level 10 in Necromancy
 15353 | Lair:4   | Found a labyrinth entrance.
 15355 | Lair:4   | Noticed a five-headed hydra
 15362 | Lab      | Entered a labyrinth
 15648 | Lab      | Noticed a minotaur
 15940 | Lab      | Killed a minotaur
 16246 | Lair:4   | Found a shimmering altar of Xom.
 16327 | Lair:4   | Reached skill level 1 in Staves
 16515 | Lair:4   | Found a staircase to the Snake Pit.
 16555 | Lair:4   | Got a polished leather armour
 16723 | Lair:4   | Reached skill level 2 in Staves
 16967 | Lair:1   | Got a smoking robe
 17007 | D:9      | Bought the +10 lajatang "Ufushrugh" {speed, rF+ Int+2 Dex+5} for 1393 gold pieces
 17059 | Lair:2   | Identified the +1 leather armour of Nobility {Slay+3 SInv} (You found it on level 4 of the Lair of Beasts)
 17069 | Lair:2   | Identified the +2 robe of Vymohimi {-Tele rPois Regen+ Str+3} (You found it on level 1 of the Lair of Beasts)
 17186 | Lair:3   | Reached skill level 3 in Staves
 17354 | Lair:4   | Reached skill level 4 in Staves
 17559 | Lair:4   | Reached skill level 5 in Staves
 17862 | Lair:5   | Noticed a death yak
 17863 | Lair:5   | Noticed a death yak
 17864 | Lair:5   | Noticed a death yak
 17864 | Lair:5   | Noticed a death yak
 17864 | Lair:5   | Noticed a death yak
 17883 | Lair:4   | Killed a death yak
 17883 | Lair:4   | Gained mutation: You are in touch with the powers of death. [Mummy growth]
 17883 | Lair:4   | Gained mutation: You can restore your body by infusing magical energy. [Mummy growth]
 17883 | Lair:4   | Reached XP level 13. HP: 84/106 MP: 13/25
 17905 | Lair:4   | Reached skill level 6 in Staves
 18261 | Lair:5   | Got a shimmering scale mail
 18272 | Lair:5   | Identified the +1 scale mail "Ritsociot" {*Drain Str+7 Int+4} (You found it on level 5 of the Lair of Beasts)
 18464 | Lair:5   | Reached skill level 7 in Staves
 18694 | Lair:5   | Found a staircase to the Swamp.
 18890 | Lair:6   | Reached skill level 8 in Staves
 19223 | Lair:6   | Reached skill level 9 in Staves
 19392 | Lair:6   | Noticed nikopol's ghost (journeyman MiBe)
 19611 | D:10     | Killed Snorg
 19730 | D:10     | Noticed Harold
 19755 | D:10     | Killed Harold
 19755 | D:10     | Reached skill level 10 in Staves
 20032 | D:11     | Noticed Josephine
 20050 | D:10     | Killed Josephine
 20214 | D:11     | Noticed Sonja
 20242 | D:11     | Killed Sonja
 20571 | D:11     | Noticed Erolcha
 20581 | D:11     | Killed Erolcha
 20581 | D:11     | Reached XP level 14. HP: 113/113 MP: 26/26
 21106 | D:4      | Bought a +2 pair of boots of running for 581 gold pieces
 21106 | D:4      | Bought a +1 cloak for 161 gold pieces
 21476 | Lair:7   | Reached skill level 11 in Staves
 22587 | D:9      | Bought a twisted robe for 176 gold pieces
 22597 | D:9      | Identified the +1 robe "Homuocra" {Str+5} (You bought it in a shop on level 9 of the Dungeon)
 22911 | Lair:8   | Entered Level 8 of the Lair of Beasts
 23069 | Lair:8   | Reached skill level 12 in Staves
 23125 | Lair:8   | Noticed Kirke
 23145 | Lair:8   | Killed Kirke
 23512 | Lair:8   | Reached skill level 13 in Staves
 23686 | Lair:8   | Noticed Nessos
 23709 | Lair:8   | Killed Nessos
 23753 | Lair:8   | Reached skill level 1 in Evocations
 23818 | Lair:8   | Found a viscous altar of Jiyva.
 23818 | Lair:8   | Found a staircase to the Slime Pits.
 24025 | Lair:8   | Cast into level 2 of the Abyss (a wizard)
 24054 | Abyss:2  | Got an ichor-stained leather armour
 24217 | Abyss:2  | Learned a level 7 spell: Haunt
 24337 | Abyss:2  | Found a corrupted altar of Lugonu.
 24381 | Abyss:2  | Noticed a profane servitor
 24548 | Abyss:2  | Noticed a lich
 24548 | Abyss:2  | Noticed a green draconian monk
 24688 | Abyss:2  | Reached XP level 15. HP: 95/118 MP: 27/27
 24703 | Abyss:2  | Noticed a tentacled starspawn
 24752 | Abyss:2  | Killed a tentacled starspawn
 24844 | Lair:8   | Escaped the Abyss
 24891 | Lair:8   | Found a burning altar of Makhleb.
 25349 | Lair:8   | Noticed Mefis's ghost (journeyman DEWz)
 25389 | Lair:8   | Killed Mefis's ghost
 25444 | Lair:8   | Found a gateway to Hell.
 25452 | Lair:8   | Got a pitted platinum amulet
 25454 | Lair:8   | Identified the amulet "Xabyham" {Spirit rPois} (You found it on level 8 of the Lair of Beasts)
 25944 | Lair:6   | Killed nikopol's ghost
 26097 | Lair:2   | Learned a level 5 spell: Silence
 26124 | Lair:2   | Identified the cursed +0 leather armour "Ruezagg" {Str+4 Dex+3} (You found it on level 2 of the Abyss)
 26198 | D:9      | Bought a runed helmet for 166 gold pieces
 26208 | D:9      | Bought an embroidered cloak for 166 gold pieces
 26528 | D:12     | Found a staircase to the Orcish Mines.
 26760 | D:12     | Found Kabbeus's Antique Weapon Shop.
 26849 | Orc:1    | Entered Level 1 of the Orcish Mines
 26906 | Orc:1    | Reached skill level 5 in Stealth
 26959 | Orc:1    | Found a roughly hewn altar of Beogh.
 26992 | Orc:1    | Found a flagged portal.
 27040 | Bailey   | Entered a bailey
 27400 | Bailey   | Reached skill level 14 in Staves
 28282 | Orc:2    | Entered Level 2 of the Orcish Mines
 28444 | Orc:2    | Found a staircase to the Elven Halls.
 28493 | Orc:2    | Reached skill level 1 in Air Magic
 28686 | Orc:2    | Found Aguzer's Armour Emporium.
 28788 | Orc:2    | Found a roughly hewn altar of Beogh.
 28798 | Orc:2    | HP: 5/118 [sun demon[an orc high priest] (18)]
 28798 | Orc:2    | Slain by a sun demon

Skill      XL: |  1  2  3  4  5  6  7  8  9 10 11 12 13 14 15 |
---------------+----------------------------------------------+-----
Spellcasting   | 3 4 5 6 8 |  8.1
Necromancy     | 5 6 7 9 10 | 10.7
Fighting       | 3 6 8 10 11 | 11.0
Dodging        | 3 5 7 9 |  9.0
Summonings     | 4 6 |  6.4
Staves         | 5 10 13 14 | 14.0
Stealth        | 3 5 |  5.3
Evocations     | 2 4 |  4.3
Air Magic      | 1 |  1.4

Action                   |  1- 3 |  4- 6 |  7- 9 | 10-12 | 13-15 || total
-------------------------+-------+-------+-------+-------+-------++-------
Melee: Short sword       |    14 |    41 |       |       |       ||    55
       War axe           |       |       |   240 |   302 |       ||   542
       Lajatang          |       |       |       |    89 |  1362 ||  1451
 Cast: Pain              |    38 |    84 |   131 |   277 |    17 ||   547
       Control Undead    |       |     3 |     7 |     1 |     3 ||    14
       Vampiric Draining |       |     3 |    22 |   227 |   148 ||   400
       Summon Ice Beast  |       |       |       |     6 |     1 ||     7
Invok: Call Merchant     |       |       |     1 |     1 |     2 ||     4
Evoke: Deck              |       |       |     2 |    11 |       ||    13
       Lamp of fire      |       |       |       |     2 |     3 ||     5
       Wand              |       |       |       |    15 |     3 ||    18
       Rod               |       |       |       |       |     6 ||     6
       Fan of gales      |       |       |       |       |     1 ||     1
       Stone of tremors  |       |       |       |       |     1 ||     1
  Use: Scroll            |     3 |     2 |     5 |    16 |    13 ||    39
 Stab: Sleeping          |     4 |       |       |     1 |     5 ||    10
       Distracted        |       |       |     1 |     2 |    20 ||    23
Armor: Robe              |     7 |    25 |   128 |   137 |       ||   297
       Leather armour    |       |       |       |    12 |   245 ||   257
Dodge: Dodged            |     9 |    59 |   290 |   688 |   990 ||  2036
Block: Other             |       |       |    36 |   137 |    45 ||   218
       Reflection        |       |       |       |     1 |    12 ||    13
